[Event "Titled Tuesday Blitz April 19 Early 2022"]
[White "Avalos Parra, Joao"]
[Black "Lou, Yiping"]
[WhiteFideId "3402541"]
[BlackFideId "8603928"]
[WhiteElo "2173"]
[BlackElo "2412"]
[Result "0-1"]
[Round "05"]
[TimeControl "180+1"]
[Date "2022.04.19"]
[WhiteClock "0:00:03"]
[BlackClock "0:00:09"]

1. d4 d5 2. c4 c6 3. Nf3 Nf6 4. Nc3 e6 5. Qd3 b6 6. g3 Ba6 7. b3 Nbd7 8. Bg2 Bb4 9. O-O O-O 10. a3 Be7 11. Bb2 c5 12. e3 cxd4 13. exd4 Rc8 14. Nd2 dxc4 15. bxc4 Qc7 16. d5 Ne5 17. Qd4 Nxc4 18. Nxc4 Qxc4 19. Qxc4 Bxc4 20. Rfe1 Rfd8 21. dxe6 Bxe6 22. Rad1 Rxd1 23. Rxd1 h6 24. h3 Bxa3 25. Bxa3 Rxc3 26. Rd8+ Kh7 27. Bb2 Rc8 28. Rd2 a5 29. g4 b5 30. Rd6 b4 31. Ra6 Rc5 32. Bd4 Rc4 33. Be3 b3 34. Bf1 b2 35. Rb6 Rb4 36. Bd3+ g6 37. Rxb4 axb4 38. Bd4 Nd5 39. Bxb2 Nf4 40. Be4 Nxh3+ 41. Kh2 Nxf2 42. Bc6 Nxg4+ 43. Kg3 h5 44. Bf3 g5 45. Bc1 Kg6 46. Bb2 f5 47. Be2 h4+ 48. Kg2 f4 49. Bd3+ Bf5 50. Bb5 Ne3+ 51. Kf3 Bg4+ 52. Kf2 h3 53. Bd3+ Bf5 54. Bd4 Bxd3 0-1


[Site "https://www.chess.com"]

[Event "Titled Tuesday Blitz April 19 Early 2022"]
[White "Baches Garcia, Guillermo"]
[Black "Araujo Filho, Luiz Antonio Coel"]
[WhiteFideId "2209764"]
[BlackFideId "2130661"]
[WhiteElo "2492"]
[BlackElo "2305"]
[Result "1/2-1/2"]
[Round "05"]
[TimeControl "180+1"]
[Date "2022.04.19"]
[WhiteClock "0:00:33"]
[BlackClock "0:00:40"]

1. e4 c6 2. Nc3 d5 3. Nf3 dxe4 4. Nxe4 Nf6 5. Qe2 e6 6. g3 Nbd7 7. Bg2 Nxe4 8. Qxe4 Nf6 9. Qe2 Bd6 10. O-O O-O 11. d4 h6 12. c4 c5 13. Rd1 Qc7 14. b3 b6 15. Bb2 Bb7 16. d5 Rfe8 17. Bxf6 gxf6 18. Nh4 Bf8 19. d6 Qd7 20. Bxb7 Qxb7 21. Rd3 Bg7 22. d7 Red8 23. Rad1 f5 24. Nf3 Qe4 25. Qd2 a5 26. a4 Ra7 27. Kg2 Rb7 28. Rd6 Bf8 29. Rd3 Bg7 30. h4 Qc6 31. Rd6 Qc7 32. Rd3 Qc6 33. Rd6 Qc7 34. Rd3 Qc6 1/2-1/2


[Site "https://www.chess.com"]

[Event "Titled Tuesday Blitz April 19 Early 2022"]
[White "Bachmann, Axel"]
[Black "Samunenkov, Ihor"]
[WhiteFideId "3700488"]
[BlackFideId "14187086"]
[WhiteElo "2587"]
[BlackElo "2409"]
[Result "0-1"]
[Round "05"]
[TimeControl "180+1"]
[Date "2022.04.19"]
[WhiteClock "0:00:03"]
[BlackClock "0:00:07"]

1. d4 d5 2. Nf3 Nf6 3. g3 c5 4. Bg2 cxd4 5. O-O h6 6. b3 e6 7. Bb2 Bc5 8. Nxd4 O-O 9. c4 dxc4 10. bxc4 Nbd7 11. Nb3 Qe7 12. Nxc5 Nxc5 13. Nc3 Rb8 14. Na4 Rd8 15. Qc2 Bd7 16. Ba3 Bxa4 17. Qxa4 Nxa4 18. Bxe7 Rd7 19. Bb4 Rc8 20. Rac1 Rdc7 21. a3 b6 22. Rfd1 Rxc4 23. Rxc4 Rxc4 24. Rd8+ Kh7 25. h3 Nc3 26. Ra8 Nxe2+ 27. Kf1 Nd4 28. Ke1 a5 29. Bd2 Nc2+ 30. Kd1 Nxa3 31. Ra7 Kg6 32. Be3 Nd5 0-1


[Site "https://www.chess.com"]

[Event "Titled Tuesday Blitz April 19 Early 2022"]
[White "Bacrot, Etienne"]
[Black "Cherniaiev, Tykhon"]
[WhiteFideId "605506"]
[BlackFideId "14182360"]
[WhiteElo "2673"]
[BlackElo "2289"]
[Result "1-0"]
[Round "05"]
[TimeControl "180+1"]
[Date "2022.04.19"]
[WhiteClock "0:00:09"]
[BlackClock "0:00:09"]

1. e4 c5 2. Nf3 e6 3. c3 d5 4. exd5 exd5 5. d4 Nf6 6. Be2 Nc6 7. O-O cxd4 8. Nxd4 Be7 9. Re1 O-O 10. Be3 Re8 11. Nd2 h6 12. h3 a6 13. Bf1 Bd7 14. Qb3 Na5 15. Qc2 Nc6 16. Rad1 Qc7 17. Qb3 Na5 18. Qc2 Nc6 19. N2f3 Rac8 20. Bd3 Bd6 21. Nf5 Ne5 22. Nxe5 Bxe5 23. Nd4 Ne4 24. Nf3 Bf6 25. Qb3 Bc6 26. Bd4 Bxd4 27. Nxd4 Nc5 28. Qc2 Ba4 29. b3 Rxe1+ 30. Rxe1 Nxd3 31. Qxd3 Bd7 32. Re3 Qd6 33. Qd2 Qa3 34. Ne2 Qc5 35. Qd4 Qxd4 36. Nxd4 Kf8 37. Kf1 b5 38. Ke2 a5 39. Kd2 f6 40. a3 Kf7 41. h4 Rb8 42. g3 b4 43. cxb4 axb4 44. a4 Rc8 45. Rf3 Rb8 46. Nc2 g5 47. hxg5 hxg5 48. Rd3 Bf5 49. Rxd5 Be6 50. Rd3 Ke7 51. Nd4 Bd7 52. Re3+ Kd6 53. Nc2 Be6 54. Nd4 Bd7 55. Kc2 Rh8 56. Kd3 Rh2 57. Re2 Rh8 58. Nc2 Rb8 59. Kd2 Be6 60. Re3 Bf7 61. Nd4 Kc5 62. Ne6+ Kd5 63. Nc7+ Kc6 64. Nb5 Rh8 65. Nd4+ Kc5 66. Nb5 Rd8+ 67. Ke2 Rh8 68. Nc7 Rd8 69. Na6+ Kb6 70. Nxb4 Rb8 71. Nc2 Kc6 72. Nd4+ Kd5 73. Nb5 Kc5 74. Kd2 Kb4 75. Kc2 Rh8 76. Re4+ Kc5 77. Re3 Rh2 78. Rf3 Kb4 79. Nd4 Bd5 80. Rxf6 Rh1 81. Kd2 Bxb3 82. Rb6+ Kxa4 83. Rxb3 Rf1 84. Rf3 Ra1 85. Rf5 Ra2+ 86. Kd3 Ra3+ 87. Ke4 g4 88. Rf4 Ra1 89. Rxg4 Re1+ 90. Kf3 Rd1 91. Rf4 Rd3+ 92. Kg2 Kb4 93. Nf3+ Kc5 94. g4 Rd8 95. Kg3 Rg8 96. g5 Kd5 97. Kg4 Ke6 98. Rf6+ Ke7 99. Rf4 Ke6 100. Re4+ Kf7 101. Rb4 Re8 102. Nh4 Kg7 103. f4 Re1 104. Nf5+ Kf7 105. Ng3 Re6 106. Rb7+ Kg8 107. Rb5 Rd6 108. Rb4 Re6 109. Re4 Rd6 110. Rb4 Rc6 111. Nh5 Kf7 112. Rb7+ Kg8 113. Rb8+ Kf7 114. f5 Rc4+ 115. Nf4 Kg7 116. Rb7+ Kg8 117. Rb8+ Kg7 118. f6+ Kf7 119. Rb7+ Kg8 120. g6 Rc8 121. Rg7+ Kh8 122. Rh7+ Kg8 123. f7+ Kf8 124. Rh8+ Kg7 125. Rxc8 Kh6 126. Rc1 Kg7 127. f8=Q+ Kxf8 128. Kg5 Kg7 129. Rc7+ Kf8 130. Nh5 Ke8 131. g7 Kd8 132. Ra7 Kc8 133. g8=Q# 1-0


[Site "https://www.chess.com"]

[Event "Titled Tuesday Blitz April 19 Early 2022"]
[White "Balint, Vilmos"]
[Black "Hirneise, Jens"]
[WhiteFideId "718050"]
[BlackFideId "24614734"]
[WhiteElo "2059"]
[BlackElo "2359"]
[Result "0-1"]
[Round "05"]
[TimeControl "180+1"]
[Date "2022.04.19"]
[WhiteClock "0:01:27"]
[BlackClock "0:00:04"]

1. d4 d5 2. Nc3 c6 3. e4 dxe4 4. Nxe4 Bf5 5. Ng3 Bg6 6. Nf3 e6 7. h4 h6 8. h5 Bh7 9. Bd3 Bxd3 10. Qxd3 Nf6 11. Bd2 Nbd7 12. O-O-O Qc7 13. Rde1 O-O-O 14. Qb3 c5 15. dxc5 Nxc5 16. Qc4 Bd6 17. Kb1 Kb8 18. Be3 Rc8 19. Ne2 Nd5 20. Bd4 f6 21. Nc3 Nxc3+ 22. Bxc3 e5 23. Nh4 Qc6 24. Nf5 Bf8 25. f3 Qd7 26. Ne3 Na4 27. Qb3 Nxc3+ 28. bxc3 Qc6 29. Nd5 Bc5 30. Rd1 Rhd8 31. Rd3 a5 32. a4 Ka7 33. Rhd1 Qa6 34. Qb5 Qxb5+ 35. axb5 Rd6 36. Ka2 Rcd8 37. c4 b6 38. Kb3 Kb7 39. c3 Ra8 40. Ka4 Rad8 41. g4 R8d7 42. Kb3 Rd8 43. Ka4 Rc8 44. Kb3 Ra8 45. Ra1 Rdd8 46. Rdd1 Bf8 47. Ka4 Rac8 48. Ne3 Bc5 49. Rxd8 Rxd8 50. Nd5 Bd6 51. Kb3 Bc5 52. Rd1 Rd7 53. Rd3 Rd8 54. Rd1 Re8 55. Ra1 e4 56. fxe4 Rxe4 57. Rd1 Rxg4 58. Re1 Kc8 59. Re6 Kb7 60. Rc6 a4+ 61. Kxa4 Rxc4+ 62. Kb3 Rh4 63. Rc7+ Kb8 64. Rxg7 Rxh5 65. Nxf6 Rg5 66. Rh7 Rg6 67. Nd7+ Kc8 68. Ne5 Re6 69. Nc6 Be3 70. Kc4 Rg6 71. Kd5 Bc5 72. Ne5 Rd6+ 73. Ke4 Rf6 74. c4 Kd8 75. Kd5 Ke8 76. Nd3 Rd6+ 77. Ke4 Rd4+ 78. Ke3 Rd7+ 79. Ke4 Rxh7 80. Ne5 h5 81. Kf5 h4 82. Ng4 h3 83. Nf6+ Kf7 84. Nxh7 h2 85. Ng5+ Ke8 86. Nf3 h1=Q 87. Ne5 Qh5+ 88. Ke6 Kd8 89. Kd5 Kc7 90. Ke6 Qe8+ 91. Kf5 Bd6 92. Ng6 Qf7+ 93. Kg5 Qxc4 94. Nh4 Be7+ 0-1


[Site "https://www.chess.com"]

[Event "Titled Tuesday Blitz April 19 Early 2022"]
[White "Bashirli, Saadat"]
[Black "Sadovsky, Artem"]
[WhiteFideId "13429990"]
[BlackFideId "4155840"]
[WhiteElo "1173"]
[BlackElo "2314"]
[Result "1-0"]
[Round "05"]
[TimeControl "180+1"]
[Date "2022.04.19"]
[WhiteClock "0:00:17"]
[BlackClock "0:00:45"]

1. d4 g6 2. e4 Bg7 3. Nf3 d6 4. Nc3 e5 5. dxe5 dxe5 6. Qxd8+ Kxd8 7. Bg5+ f6 8. Nxe5 Nd7 9. Nf7+ Ke8 10. Nxh8 fxg5 11. Bc4 Nh6 12. Nb5 Nb6 13. Nxc7+ Kd7 14. Nxa8 Nxc4 15. Rd1+ Nd6 16. Nxg6 hxg6 17. O-O b6 18. f4 gxf4 19. Rxf4 Bb7 20. g4 g5 21. Nxb6+ axb6 22. Rf3 Nxg4 23. Rf7+ Ke6 24. Rxg7 Bxe4 25. Rxg5 Ne5 26. Kf2 Bxc2 27. Re1 Ne4+ 28. Rxe4 Bxe4 29. Ke3 Bd5 30. b3 Kf6 31. Rg1 b5 32. h4 Kf5 33. h5 Ng4+ 34. Kd4 Bf7 35. Kc5 Be8 36. Re1 Bxh5 37. Kxb5 Ne5 38. Rf1+ Ke4 39. Re1+ Kd4 40. Rh1 Be8+ 41. Kb4 Nd3+ 42. Ka3 Bc6 43. Rh4+ Kc3 44. Rc4+ Kd2 45. Rxc6 Ne5 46. Rd6+ Kc3 47. Rd5 Nd3 48. Rxd3+ Kxd3 49. Kb4 Kc2 50. a4 Kb2 51. a5 Ka2 52. a6 Kb2 53. a7 Ka2 54. a8=Q+ Kb2 55. Qf3 Kb1 56. Kc4 Kb2 57. b4 Ka2 58. b5 Kb2 59. b6 Ka2 60. b7 Ka1 61. b8=Q Ka2 62. Qbb3+ Ka1 63. Qfd1# 1-0


[Site "https://www.chess.com"]

[Event "Titled Tuesday Blitz April 19 Early 2022"]
[White "Belenkaya, Dina"]
[Black "Jaferian, Koosha"]
[WhiteFideId "24142654"]
[BlackFideId "12507440"]
[WhiteElo "2196"]
[BlackElo "2030"]
[Result "1-0"]
[Round "05"]
[TimeControl "180+1"]
[Date "2022.04.19"]
[WhiteClock "0:00:36"]
[BlackClock "0:00:24"]

1. e4 c6 2. d4 d5 3. Nc3 dxe4 4. Nxe4 Nf6 5. Nxf6+ exf6 6. c3 Bd6 7. Bd3 O-O 8. Qc2 Re8+ 9. Ne2 h5 10. Be3 Nd7 11. O-O Nf8 12. Rae1 Be6 13. Nf4 h4 14. Nxe6 Nxe6 15. h3 Bc7 16. f4 Qd5 17. c4 Qd6 18. Qf2 g6 19. c5 Nxc5 20. Bxg6 fxg6 21. dxc5 Qd5 22. Qxh4 Kg7 23. Rd1 Qf5 24. Bd4 Rad8 25. g4 Qe6 26. Rfe1 Qf7 27. Rxe8 Rxe8 28. Bxf6+ Kf8 29. Qh6+ 1-0


[Site "https://www.chess.com"]

[Event "Titled Tuesday Blitz April 19 Early 2022"]
[White "Belozerov, Andrei"]
[Black "Zemlyanskii, Ivan"]
[WhiteFideId "4120213"]
[BlackFideId "24249971"]
[WhiteElo "2320"]
[BlackElo "1759"]
[Result "1-0"]
[Round "05"]
[TimeControl "180+1"]
[Date "2022.04.19"]
[WhiteClock "0:00:31"]
[BlackClock "0:00:09"]

1. e4 c5 2. Nf3 d6 3. d4 cxd4 4. Nxd4 Nf6 5. Nc3 a6 6. Be3 e5 7. Nb3 Be6 8. f3 h5 9. Nd5 Bxd5 10. exd5 Nbd7 11. Qd2 b6 12. O-O-O Qc7 13. Kb1 Be7 14. Be2 Nc5 15. g4 hxg4 16. fxg4 Nfe4 17. Qb4 Rh3 18. Nxc5 Rxe3 19. Nxe4 Rxe2 20. Nc3 Rf2 21. Rdf1 Rxf1+ 22. Rxf1 Kf8 23. Qe4 Kg8 24. h4 b5 25. g5 Rf8 26. Qf3 Qc4 27. Ne4 f5 28. gxf6 Bxf6 29. b3 Qc7 30. Qg4 Qe7 31. h5 Bh4 32. Rxf8+ Kxf8 33. Qc8+ Kf7 34. Qxa6 Qc7 35. Qxd6 Qa5 36. b4 Qa3 37. c3 Qa4 38. Qg6+ Kf8 39. Qf5+ Kg8 40. Qg4 Be1 41. h6 Qa7 42. Qxg7+ Qxg7 43. hxg7 Kxg7 44. Kc2 Kf7 45. Nd6+ Ke7 46. Nxb5 e4 47. Kd1 Bf2 48. Ke2 Bg1 49. a4 Kf6 50. a5 Ke5 51. d6 Ke6 52. a6 Bb6 53. a7 Bxa7 54. Nxa7 Kxd6 55. Nb5+ Kd5 56. Na3 Kc6 57. Ke3 1-0


[Site "https://www.chess.com"]

[Event "Titled Tuesday Blitz April 19 Early 2022"]
[White "Bortnyk, Olexandr"]
[Black "Alekseenko, Kirill"]
[WhiteFideId "14120828"]
[BlackFideId "4135539"]
[WhiteElo "2723"]
[BlackElo "2682"]
[Result "0-1"]
[Round "05"]
[TimeControl "180+1"]
[Date "2022.04.19"]
[WhiteClock "0:00:01"]
[BlackClock "0:00:20"]

1. d4 d5 2. Nc3 Nf6 3. Bf4 e6 4. Nb5 Na6 5. e3 Be7 6. Nf3 O-O 7. Ne5 Ne4 8. f3 Nd6 9. Nc3 f6 10. Nd3 b6 11. Be2 c5 12. O-O Bb7 13. Qe1 cxd4 14. exd4 Nf5 15. Qf2 Nb4 16. Kh1 Nxc2 17. g4 Nfxd4 18. Rac1 Nxe2 19. Nxe2 Nb4 20. Nxb4 Bxb4 21. Rc7 Ba6 22. Nd4 Qe8 23. Rfc1 Rc8 24. Rxa7 Rxc1+ 25. Bxc1 Bc8 26. a3 Bd6 27. Qc2 Bb8 28. Ra8 Bb7 29. Ra4 Qc8 30. Be3 e5 31. Qxc8 Rxc8 32. Nf5 Kf7 33. Rb4 d4 34. Bxd4 Bxf3+ 35. Kg1 exd4 36. Rxd4 Rc2 37. Rd7+ Ke8 38. Re7+ Kd8 39. Rxg7 Bxh2+ 40. Kf1 Be5 41. Rxh7 Rxb2 42. Ra7 Bxg4 43. Ne3 Bf3 44. Ra8+ Kc7 45. Ra7+ Kb8 46. Rf7 Bg3 47. Rf8+ Kb7 48. Rf7+ Ka6 49. Kg1 Rb1+ 50. Nf1 Be5 51. Kf2 Bd5 52. Ne3 Bxf7 0-1


[Site "https://www.chess.com"]

[Event "Titled Tuesday Blitz April 19 Early 2022"]
[White "Brodowski, Piotr"]
[Black "Pham, Tran Gia Phuc"]
[WhiteFideId "1124480"]
[BlackFideId "12415669"]
[WhiteElo "2422"]
[BlackElo "1789"]
[Result "1-0"]
[Round "05"]
[TimeControl "180+1"]
[Date "2022.04.19"]
[WhiteClock "0:00:07"]
[BlackClock "0:00:01"]

1. e4 c5 2. Nf3 d6 3. d4 cxd4 4. Nxd4 Nf6 5. Nc3 a6 6. a3 e5 7. Nf5 d5 8. Bg5 d4 9. Bxf6 gxf6 10. Ne2 Bxf5 11. exf5 Nc6 12. Ng3 Qa5+ 13. b4 Qc7 14. Bd3 h5 15. O-O h4 16. Ne4 Be7 17. Qf3 O-O-O 18. Rab1 Nb8 19. a4 Nd7 20. b5 a5 21. Nd2 Nb6 22. Ra1 Nd5 23. Be4 Nc3 24. Qd3 Bb4 25. Nb3 b6 26. Bc6 Qd6 27. Qc4 Qc7 28. Nc1 Bd6 29. h3 Rh5 30. Ne2 Bb4 31. Nxc3 Bxc3 32. Rad1 Rxf5 33. Qe2 Rg5 34. Qf3 f5 35. Qe2 e4 36. f4 Rg6 37. Qh5 Rf6 38. Qxh4 Qd6 39. Qg5 Kc7 40. Rf2 Qe6 41. Re2 Rg6 42. Qh4 Rdg8 43. Kh1 Rg3 44. Qh7 R3g7 45. Qh5 Qf6 46. g4 fxg4 47. Rxe4 gxh3 48. Qd5 Rg1+ 49. Rxg1 Rxg1+ 50. Kxg1 Qg6+ 51. Qg5 h2+ 52. Kh1 Qxg5 53. fxg5 Kd6 54. Rf4 Ke7 55. Kxh2 Bd2 56. Re4+ Kd6 57. Kg2 Bxg5 58. Rxd4+ Ke6 59. Rg4 Be7 60. Kf3 Bc5 61. Rc4 Kd6 62. Rf4 1-0


[Site "https://www.chess.com"]

[Event "Titled Tuesday Blitz April 19 Early 2022"]
[White "Buchenau, Frank"]
[Black "Dang, Hoang Son"]
[WhiteFideId "4604350"]
[BlackFideId "12402435"]
[WhiteElo "2193"]
[BlackElo "2252"]
[Result "0-1"]
[Round "05"]
[TimeControl "180+1"]
[Date "2022.04.19"]
[WhiteClock "0:00:01"]
[BlackClock "0:00:12"]

1. e4 e5 2. Bc4 Nf6 3. d3 Bc5 4. Nf3 d6 5. O-O O-O 6. c3 h6 7. Nbd2 Nc6 8. Re1 a5 9. Bb5 Ne7 10. Nf1 c6 11. Ba4 Bb6 12. Ng3 Ng6 13. d4 Bg4 14. Be3 Re8 15. h3 exd4 16. cxd4 Bxf3 17. Qxf3 Nh4 18. Qd1 Nxe4 19. Nxe4 Rxe4 20. Bc2 Re8 21. Qd3 Ng6 22. Qf5 d5 23. Qg4 Qf6 24. g3 Re7 25. h4 Rae8 26. Kg2 Nf8 27. Rad1 g6 28. h5 g5 29. Bf5 Ne6 30. Rf1 Ng7 31. Bc2 Qe6 32. Qxe6 Rxe6 33. Rd3 Bc7 34. Rb3 b5 35. g4 Bf4 36. Rc3 Rf6 37. a4 b4 38. Rc5 Bc7 0-1


[Site "https://www.chess.com"]

[Event "Titled Tuesday Blitz April 19 Early 2022"]
[White "Buscar, Michael"]
[Black "Cramling Bellon, Anna"]
[WhiteFideId "2603616"]
[BlackFideId "32009232"]
[WhiteElo "2010"]
[BlackElo "1905"]
[Result "1-0"]
[Round "05"]
[TimeControl "180+1"]
[Date "2022.04.19"]
[WhiteClock "0:01:04"]
[BlackClock "0:00:06"]

1. Nf3 c5 2. b3 d5 3. Bb2 Nc6 4. e3 d4 5. exd4 cxd4 6. Bb5 Bd7 7. O-O Nf6 8. Qe2 e6 9. Nxd4 Bc5 10. Nxc6 bxc6 11. Ba6 O-O 12. d4 Be7 13. Nd2 c5 14. Nf3 Nd5 15. Rad1 Qb6 16. dxc5 Bxc5 17. Bc4 Bc6 18. Qe5 Nf6 19. Qg5 h6 20. Qg3 Nh5 21. Qg4 g6 22. Ne5 Nf6 23. Qf4 Kg7 24. Ng4 e5 25. Qxf6+ Kh7 26. Bxe5 Rg8 27. Qxf7+ 1-0


[Site "https://www.chess.com"]

[Event "Titled Tuesday Blitz April 19 Early 2022"]
[White "Chan, Kim Yew"]
[Black "Sailer, Mike"]
[WhiteFideId "5717981"]
[BlackFideId "2012901"]
[WhiteElo "2206"]
[BlackElo "2109"]
[Result "1-0"]
[Round "05"]
[TimeControl "180+1"]
[Date "2022.04.19"]
[WhiteClock "0:00:22"]
[BlackClock "0:00:01"]

1. Nf3 d5 2. g3 Nf6 3. Bg2 Bf5 4. O-O e6 5. c4 c6 6. cxd5 exd5 7. d3 Be7 8. Qb3 Qb6 9. Qc2 O-O 10. e4 Bg6 11. Be3 Qa6 12. a3 Nbd7 13. Nc3 Nc5 14. Ne5 dxe4 15. dxe4 Rad8 16. Rad1 Bh5 17. f3 Ncd7 18. Nd3 b6 19. Nf4 Bg6 20. Kh1 Bc5 21. Bc1 Ne5 22. b4 Be7 23. Nxg6 hxg6 24. f4 Nc4 25. e5 Ng4 26. Qe2 Rxd1 27. Rxd1 Nce3 28. Qxa6 Nf2+ 29. Kg1 1-0


[Site "https://www.chess.com"]

[Event "Titled Tuesday Blitz April 19 Early 2022"]
[White "Chen, Qi b"]
[Black "Kahlert, Thomas"]
[WhiteFideId "8614733"]
[BlackFideId "4625242"]
[WhiteElo "2432"]
[BlackElo "2228"]
[Result "1-0"]
[Round "05"]
[TimeControl "180+1"]
[Date "2022.04.19"]
[WhiteClock "0:01:47"]
[BlackClock "0:02:04"]

1. e4 e5 2. Nf3 Nc6 3. Bc4 Be7 4. O-O Nf6 5. d3 O-O 6. a4 d6 7. Nc3 Na5 8. Ba2 c5 9. Bg5 Nc6 10. h3 Be6 11. Re1 Bxa2 12. Rxa2 Re8 13. Ra1 h6 14. Bxf6 Bxf6 15. Nd5 Be7 16. c3 Bf8 17. Qb3 b6 18. Nd2 Qd7 19. Nf1 Rad8 20. Nfe3 Kh8 21. Rf1 Qe6 22. Rae1 g6 23. Qb5 Ne7 24. Nc7 Qc8 25. Nxe8 Rxe8 26. Qc4 Kg7 27. f4 exf4 28. Rxf4 Qe6 29. Ref1 Qxc4 30. Nxc4 1-0


[Site "https://www.chess.com"]

[Event "Titled Tuesday Blitz April 19 Early 2022"]
[White "Chernomordik, Pavel"]
[Black "Gabdrakhmanov, Azat"]
[WhiteFideId "2804530"]
[BlackFideId "34189197"]
[WhiteElo "2220"]
[BlackElo "2279"]
[Result "0-1"]
[Round "05"]
[TimeControl "180+1"]
[Date "2022.04.19"]
[WhiteClock "0:00:01"]
[BlackClock "0:00:58"]

1. e4 c5 2. Nc3 e6 3. f4 a6 4. g3 Nc6 5. Bg2 d6 6. d3 Nf6 7. Nf3 Be7 8. O-O Qc7 9. h3 b5 10. g4 Bb7 11. Ne2 d5 12. e5 Nd7 13. Ng3 d4 14. Ne4 Nb4 15. f5 Bxe4 16. dxe4 Nc6 17. Bf4 Ndxe5 18. Nxe5 Nxe5 19. g5 Bd6 20. c3 Rd8 21. cxd4 cxd4 22. fxe6 fxe6 23. Rc1 Nc4 24. b3 Bxf4 25. bxc4 Bxc1 26. Qxc1 bxc4 27. e5 Rf8 28. Rd1 Rf5 29. h4 Kf8 30. Be4 Qxe5 31. Bxf5 Qg3+ 32. Kh1 Qxh4+ 33. Kg2 exf5 0-1


[Site "https://www.chess.com"]

[Event "Titled Tuesday Blitz April 19 Early 2022"]
[White "Chigaev, Maksim"]
[Black "Tanenbaum, Zachary"]
[WhiteFideId "4108116"]
[BlackFideId "2060850"]
[WhiteElo "2478"]
[BlackElo "2168"]
[Result "0-1"]
[Round "05"]
[TimeControl "180+1"]
[Date "2022.04.19"]
[WhiteClock "0:00:12"]
[BlackClock "0:00:57"]

1. e4 e5 2. Nf3 Nc6 3. Nc3 Nf6 4. h3 Bb4 5. Nd5 Bc5 6. c3 Nxe4 7. d4 Bb6 8. Bd3 Nf6 9. Bg5 d6 10. O-O Be6 11. Nxf6+ gxf6 12. Bh4 Qe7 13. Bb5 Bd7 14. Re1 O-O-O 15. d5 Nb8 16. a4 a6 17. Bxd7+ Nxd7 18. a5 Ba7 19. Qd3 Rhg8 20. Qf5 Rg6 21. b4 Rdg8 22. g4 Kb8 23. b5 axb5 24. a6 bxa6 25. Rxa6 Nc5 26. Ra5 Bb6 27. Rxb5 Qd7 28. Qxd7 Nxd7 29. Kf1 h5 30. gxh5 Rh6 31. c4 Rxh5 32. Bg3 Rxh3 33. Kg2 Rh6 34. Rh1 Rxh1 35. Kxh1 f5 36. c5 Nxc5 0-1


[Site "https://www.chess.com"]

[Event "Titled Tuesday Blitz April 19 Early 2022"]
[White "Costachi, Mihnea"]
[Black "Shandrygin, Nikita"]
[WhiteFideId "1217518"]
[BlackFideId "24198668"]
[WhiteElo "2476"]
[BlackElo "2323"]
[Result "0-1"]
[Round "05"]
[TimeControl "180+1"]
[Date "2022.04.19"]
[WhiteClock "0:00:52"]
[BlackClock "0:00:12"]

1. e4 c5 2. Nf3 e6 3. b3 b6 4. Bb2 Bb7 5. d3 d5 6. Nbd2 Nc6 7. g3 Nf6 8. Bg2 Be7 9. O-O O-O 10. Qe2 Nb4 11. Rfc1 dxe4 12. Nxe4 Nc6 13. Re1 Nd5 14. Ne5 Nd4 15. Qd2 f6 16. Nf3 Nxf3+ 17. Bxf3 e5 18. c4 Nb4 19. Nxf6+ gxf6 20. Bxb7 Rb8 21. Be4 f5 22. Bg2 e4 23. d4 Bf6 24. Bxe4 fxe4 25. Rxe4 Nc6 26. d5 Bxb2 27. Qxb2 Nd4 28. f4 Qf6 29. Kg2 Rbe8 30. Rae1 Rxe4 31. Rxe4 Qg6 32. Re5 Rxf4 33. d6 Rf7 34. Qd2 Qxd6 35. Qg5+ Qg6 36. Re8+ Kg7 37. Qe5+ Qf6 38. Qxf6+ Kxf6 39. Kf2 Re7 40. Rf8+ Kg7 41. Ra8 Re2+ 42. Kg1 Rxa2 43. h4 Nf3+ 44. Kf1 Nd2+ 45. Ke2 Nxb3+ 46. Ke3 Nd4 47. g4 h6 48. Ke4 Ra4 49. Ke5 Rxc4 50. Rxa7+ Kg6 51. h5+ Kg5 52. Rg7+ Kh4 53. Rg6 Nf3+ 54. Kf5 b5 55. Rb6 b4 56. Rxh6 Rxg4 57. Rh8 b3 58. Rb8 Rb4 59. Rg8 b2 60. h6 b1=Q+ 61. Kf6 Qb2+ 62. Kg6 Ne5+ 63. Kh7 Qc2+ 64. Kh8 Nf7+ 65. Kg7 Rb7 66. Kf8 Rb8+ 67. Kxf7 Rxg8 68. Kxg8 Qg6+ 69. Kh8 Qxh6+ 70. Kg8 Qd6 71. Kh7 c4 0-1


[Site "https://www.chess.com"]

[Event "Titled Tuesday Blitz April 19 Early 2022"]
[White "Cunha, Lucas Aguiar"]
[Black "Sjoberg, Isak"]
[WhiteFideId "2125404"]
[BlackFideId "1521640"]
[WhiteElo "2361"]
[BlackElo "2016"]
[Result "0-1"]
[Round "05"]
[TimeControl "180+1"]
[Date "2022.04.19"]
[WhiteClock "0:00:02"]
[BlackClock "0:00:16"]

1. e4 c5 2. Nf3 d6 3. d4 cxd4 4. Qxd4 Nf6 5. e5 Nc6 6. Bb5 Qa5+ 7. Nc3 Qxb5 8. Nxb5 Nxd4 9. Nfxd4 dxe5 10. Nc7+ Kd8 11. Ndb5 Rb8 12. Be3 a6 13. Ba7 axb5 14. Bxb8 Bd7 15. Na8 Nd5 16. Bxe5 e6 17. a4 f6 18. Bg3 bxa4 19. c4 Nb4 20. O-O-O Bc5 21. Nc7 Ke7 22. Rhe1 h5 23. h4 Rc8 24. Kb1 e5 25. Nd5+ Nxd5 26. cxd5 Bb4 27. Re2 Bf5+ 28. Ka1 Kd6 29. f3 a3 30. Be1 axb2+ 31. Kxb2 Bc5 32. Bc3 Ra8 33. Ra1 Rxa1 34. Kxa1 b5 35. Rb2 Kxd5 36. Ra2 b4 37. Bb2 Kc4 38. Ra8 Bd4 39. Rg8 Kb3 40. Bxd4 exd4 41. Rd8 d3 42. g4 hxg4 43. fxg4 Be4 44. g5 fxg5 45. hxg5 Kc2 46. Rc8+ Kd1 47. Kb2 d2 48. Re8 Bg6 49. Re7 Bd3 50. Re3 Be2 51. Rh3 Ke1 52. Rh1+ Bf1 53. Rh4 d1=Q 0-1


[Site "https://www.chess.com"]

[Event "Titled Tuesday Blitz April 19 Early 2022"]
[White "Dahlgren, James Allen"]
[Black "Dorokhin, Mykhailo"]
[WhiteFideId "22256873"]
[BlackFideId "14114178"]
[WhiteElo "2091"]
[BlackElo "2280"]
[Result "0-1"]
[Round "05"]
[TimeControl "180+1"]
[Date "2022.04.19"]
[WhiteClock "0:02:17"]
[BlackClock "0:01:30"]

1. d3 d5 2. f4 Nf6 3. Nf3 h6 4. g3 Bf5 5. Bg2 c6 6. Nbd2 e6 7. O-O Be7 8. h3 O-O 9. Qe1 a5 10. e4 dxe4 11. dxe4 Bh7 12. Kh2 a4 13. a3 Na6 14. e5 Nd5 15. Ne4 Nc5 16. Nfd2 Qc7 17. c4 Nb6 18. Qe3 Nbd7 19. Qc3 Rfd8 20. Nxc5 Nxc5 21. Ne4 Nxe4 22. Bxe4 Bxe4 0-1


[Site "https://www.chess.com"]

[Event "Titled Tuesday Blitz April 19 Early 2022"]
[White "Dixit, Nikhil"]
[Black "De Souza, Cristiano Gomes"]
[WhiteFideId "5059534"]
[BlackFideId "2151758"]
[WhiteElo "2223"]
[BlackElo "2068"]
[Result "1-0"]
[Round "05"]
[TimeControl "180+1"]
[Date "2022.04.19"]
[WhiteClock "0:00:35"]
[BlackClock "0:02:08"]

1. Nf3 Nf6 2. g3 g6 3. Bg2 Bg7 4. O-O O-O 5. c4 d6 6. Nc3 Nc6 7. Rb1 a5 8. a3 e5 9. d3 h6 10. b4 axb4 11. axb4 Nd4 12. Nxd4 exd4 13. Nd5 c6 14. Nxf6+ Qxf6 15. b5 Bd7 16. bxc6 Bxc6 17. Bxc6 bxc6 18. e3 dxe3 19. Bxe3 d5 20. cxd5 cxd5 21. Qd2 Kh7 22. Rb6 Qc3 23. Bxh6 Qxd2 24. Bxd2 Ra3 25. Bb4 Rb3 26. Bxf8 Rxb6 27. Bxg7 Kxg7 28. Rd1 Kf6 29. Kg2 Ke5 30. Kf3 Kd4 31. h4 Rb3 32. g4 Rxd3+ 33. Rxd3+ Kxd3 34. h5 gxh5 35. gxh5 Kc2 36. h6 d4 37. h7 d3 38. h8=Q d2 39. Qc8+ Kd1 40. Qc3 Ke1 41. Ke3 1-0


[Site "https://www.chess.com"]

[Event "Titled Tuesday Blitz April 19 Early 2022"]
[White "Dobre, Claudiu-Cristian"]
[Black "Samsonkin, Artiom"]
[WhiteFideId "1211854"]
[BlackFideId "13503111"]
[WhiteElo "2207"]
[BlackElo "2513"]
[Result "1-0"]
[Round "05"]
[TimeControl "180+1"]
[Date "2022.04.19"]
[WhiteClock "0:00:16"]
[BlackClock "0:00:01"]

1. c4 Nf6 2. Nc3 e6 3. e4 d5 4. e5 d4 5. exf6 dxc3 6. fxg7 cxd2+ 7. Qxd2 Qxd2+ 8. Bxd2 Bxg7 9. O-O-O Nc6 10. Nf3 e5 11. Bd3 Be6 12. Bc3 O-O-O 13. b3 Rhg8 14. Kc2 Bh8 15. g3 Bg4 16. Be4 Rxd1 17. Rxd1 f5 18. Bd5 Re8 19. Re1 e4 20. Bxc6 bxc6 21. Nd4 c5 22. Nb5 a6 23. Bxh8 axb5 24. Bf6 bxc4 25. bxc4 Re6 26. Bg5 Ra6 27. Kb2 Ra4 28. Kb3 Rb4+ 29. Kc3 Ra4 30. Kb3 Ra6 31. Be3 Rd6 32. Kc2 Ra6 33. Ra1 Ra5 34. a4 Kb7 35. Kb3 Kc6 36. Bd2 Ra8 37. a5 Rb8+ 38. Kc2 Be2 39. Ra4 Bd3+ 40. Kc3 Kb7 41. Bf4 Rc8 42. a6+ Ka7 43. Ra5 c6 44. Be3 Kb6 45. Ra2 Ra8 46. Rb2+ Kxa6 47. Bxc5 Rd8 48. Rb6+ Ka5 49. Rxc6 Rb8 50. Rc7 1-0


[Site "https://www.chess.com"]